 Dungeon Crawl Stone Soup version 0.29-a0-876-gfc89b1a5bd (webtiles) character file.

Game seed: 16588902391232722113

12820 greasedhog the Basher (level 11, -2/108 HPs)
             Began as a Gargoyle Berserker on July 19, 2022.
             Was an Elder of Trog.
             Slain by a blink frog (7 damage)
             ... on level 1 of the Lair of Beasts.
             The game lasted 00:22:18 (12167 turns).

greasedhog the Basher (Gargoyle Berserker)         Turns: 12167, Time: 00:22:19

Health: -2/108     AC: 27    Str: 23    XL:     11   Next: 99%
Magic:  11/11      EV:  5    Int: 11    God:    Trog [****..]
Gold:   675        SH:  0    Dex: 10    Spells: 10/10 levels left

rFire   + . .      SeeInvis .   k - +2 dire flail (protect)
rCold   + . .      Faith    .   (shield currently unavailable)
rNeg    + . .      Spirit   .   d - +0 gold dragon scales
rPois   ∞          Reflect  .   (no helmet)
rElec   +          Harm     .   p - +0 cloak
rCorr   .          Rampage  .   o - +0 pair of gloves
Will    .....                   q - +0 pair of boots
Stlth   ..........              (no amulet)
HPRegen 0.28/turn               (no ring)
MPRegen 0.12/turn               (no ring)

@: berserking, very quick
A: sickness immunity, AC +8, negative energy resistance 1, electricity
resistance, torment resistance 1, petrification resistance, clever 1, noise
suppression
a: Renounce Religion, Berserk, Trog's Hand, Brothers in Arms


You were on level 1 of the Lair of Beasts.
You worshipped Trog.
Trog was greatly pleased with you.
You visited 3 branches of the dungeon, and saw 12 of its levels.
You also visited: Bailey.

You collected 675 gold pieces.

Inventory:

Hand Weapons
 k - a +2 dire flail of protection (weapon)
 y - a +2 mace of holy wrath
Missiles
 r - 25 poisoned darts (quivered)
 z - 3 curare-tipped darts
Armour
 d - +0 gold dragon scales (worn)
 o - a +0 pair of gloves (worn)
 p - a +0 cloak (worn)
 q - a +0 pair of boots (worn)
Wands
 a - a wand of mindburst (23)
 D - a wand of iceblast (5)
Scrolls
 b - 4 scrolls of teleportation
 c - 3 scrolls of fear
 g - 2 scrolls of vulnerability
 h - a scroll of torment
 j - a scroll of silence
 m - 3 scrolls of magic mapping
 s - 2 scrolls of enchant weapon
 x - a scroll of fog {unknown}
 A - 2 scrolls of enchant armour {unknown}
 B - a scroll of brand weapon {unknown}
Potions
 e - 2 potions of mutation
 f - 2 potions of curing
 i - 2 potions of flight {unknown}
 l - 3 potions of lignification {unknown}
 n - a potion of cancellation {unknown}
 t - 3 potions of might {unknown}
 u - a potion of haste {unknown}
 v - 2 potions of resistance {unknown}
 w - 2 potions of heal wounds {unknown}
Miscellaneous
 C - a condenser vane


   Skills:
 - Level 10.0 Fighting
 * Level 13.6 Maces & Flails
 * Level 6.5 Armour
 - Level 5.2 Dodging
 - Level 5.5 Evocations


You had 10 spell levels left.
You didn't know any spells.
Your spell library was empty.

Dungeon Overview and Level Annotations

Branches:
Dungeon (10/15)            Temple (1/1) D:6            Lair (1/5) D:10
 Bailey (visited)
    Orc: D:9-12

Altars:
Ashenzari
Cheibriados
Dithmenos
Elyvilon
Fedhas
Gozag
Hepliaklqana
Kikubaaqudgha
Makhleb
Nemelex Xobeh
Okawaru
Qazlal
Ru
Sif Muna
Trog
Uskayaw
Vehumet
Wu Jian
Xom
Yredelemnul
Zin
The Shining One

Shops:
D:7 ((

Annotations:
D:7 4 runed translucent doors


Innate Abilities, Weirdness & Mutations

You are immune to sickness and miasma.
Your stone body is resilient. (AC +8)
You are immune to poison.
You resist negative energy. (rN+)
You are resistant to electric shocks. (rElec)
You are resistant to unholy torment.
You are immune to petrification.
Your mind is acute. (Int +4, Str/Dex -1)
You passively dampen the noise of your surroundings.


Message History

The blink frog is almost dead.
The blink frog blinks!
You puncture the blink frog!
The blink frog is moderately wounded.
The blink frog blinks!
You miss the blink frog.
The blink frog is moderately wounded.
The blink frog blinks! x2
You barely miss the blink frog.
The blink frog is severely wounded.
The blink frog hits you!
* * * LOW HITPOINT WARNING * * *
You barely miss the blink frog.
The blink frog is severely wounded.
You closely miss the blink frog.
The blink frog is severely wounded.
The blink frog barely misses you.
The blink frog blinks!
You barely miss the blink frog.
The blink frog is moderately wounded.
The blink frog completely misses you.
You hit the blink frog.
The blink frog is moderately wounded.
The blink frog blinks!
The blink frog hits you!
* * * LOW HITPOINT WARNING * * *
The blink frog blinks!
The blink frog closely misses you.
A red film seems to cover your vision as you go berserk!
You feel yourself moving faster!
You feel mighty! The blink frog hits you!
* * * LOW HITPOINT WARNING * * *
The blink frog blinks!
The blink frog hits you but does no damage.
You closely miss the blink frog.
The blink frog is moderately wounded.
The blink frog blinks!
The blink frog barely misses you.
You miss the blink frog.
The blink frog is moderately wounded.
You barely miss the blink frog.
The blink frog is moderately wounded.
The blink frog hits you!
You die...

.## ## ...# ##.##
#..#
#...#####...##
#####...........P#
..................
##.......##....#
#...F§..# .##
#..F@...#
#.......#
#...<..## #§....##
##...## ##.## ##


You could see 2 blink frogs.

Vanquished Creatures
  2 vault guards (Bailey)
  A hydra (D:7)
  2 two-headed ogres (D:9)
  A cane toad (Bailey)
  Maggie (D:7)
  A troll (D:10)
  Prince Ribbit (D:7)
  3 blink frogs (Lair:1)
  The ghost of kevlar127 the Ruffian, an amateur TrBe of Trog (D:4)
  A shadow (D:9)
  2 humans (Bailey)
  A wyvern (D:9)
  9 yaks
  A steam dragon (D:6)
  Edmund (D:5)
  3 wargs (D:10)
  A black bear (D:5)
  A sky beast (D:8)
  3 orc warriors
  3 ice beasts
  4 ogres
  7 centaurs
  5 phantoms
  4 kobold brigands
  13 bullfrogs
  A necrophage (D:4)
  2 scorpions
  A gnoll sergeant (D:7)
  8 wights
  19 killer bees
  A howler monkey (D:8)
  Crazy Yiuf (D:7)
  3 gnoll boudas
  A hound (D:5)
  6 orc priests
  3 jellies
  5 iguanas
  9 orc wizards
  12 gnolls
  12 adders
  A river rat (D:4)
  A shadow imp (D:7)
  A white imp (D:5)
  A worm (D:4)
  2 dart slugs
  34 orcs
  7 ball pythons
  4 endoplasms
  A giant cockroach (D:3)
  9 goblins
  9 hobgoblins
  4 quokkas
  3 bats
  4 frilled lizards
  25 kobolds
  8 rats
270 creatures vanquished.

Vanquished Creatures (others)
  An orc wizard (D:6)
  An orc (D:6)
  A goblin (D:4)
  8 plants
11 creatures vanquished.

Grand Total: 281 creatures vanquished

Notes
Turn   | Place    | Note
-------+----------+-------------------------------------------
     0 | D:1      | greasedhog the Gargoyle Berserker began the quest for the
                  | Orb.
     0 | D:1      | Reached XP level 1. HP: 14/14 MP: 1/1
   189 | D:1      | Reached XP level 2. HP: 18/19 MP: 2/2
  1183 | D:1      | Reached XP level 3. HP: 14/23 MP: 3/3
  1577 | D:2      | Found a glowing silver altar of Zin.
  1848 | D:3      | Noticed a phantom
  1856 | D:3      | Killed a phantom
  1857 | D:3      | Reached skill level 4 in Maces & Flails
  1857 | D:3      | Reached XP level 4. HP: 28/28 MP: 4/4
  1857 | D:3      | Reached XP level 5. HP: 32/32 MP: 5/5
  2088 | D:3      | Found a faded altar of an unknown god.
  2242 | D:3      | Reached skill level 5 in Maces & Flails
  2358 | D:3      | Reached XP level 6. HP: 37/37 MP: 6/6
  2384 | D:3      | Reached ** piety under Trog
  3190 | D:4      | Reached XP level 7. HP: 35/41 MP: 7/7
  3409 | D:4      | Reached skill level 6 in Maces & Flails
  3883 | D:4      | Found a runed translucent door.
  3888 | D:4      | Noticed kevlar127's ghost (amateur TrBe)
  3912 | D:4      | Killed kevlar127's ghost
  3913 | D:4      | Reached skill level 5 in Dodging
  3970 | D:4      | Reached XP level 8. HP: 16/46 MP: 8/8
  3974 | D:4      | Reached skill level 7 in Maces & Flails
  4239 | D:4      | Found a snail-covered altar of Cheibriados.
  4313 | D:4      | Found a runed translucent door.
  4421 | D:5      | Entered Level 5 of the Dungeon
  4425 | D:5      | Found a basalt altar of Yredelemnul.
  4512 | D:5      | Found a shimmering blue altar of Sif Muna.
  4600 | D:5      | Noticed Edmund
  4614 | D:5      | Killed Edmund
  4831 | D:5      | Reached skill level 8 in Maces & Flails
  4831 | D:5      | Reached skill level 5 in Armour
  5123 | D:5      | Found a white marble altar of Elyvilon.
  5131 | D:5      | Reached XP level 9. HP: 36/51 MP: 9/9
  5502 | D:6      | Reached skill level 1 in Evocations
  5695 | D:6      | Reached skill level 9 in Maces & Flails
  6341 | D:6      | Found a staircase to the Ecumenical Temple.
  6451 | Temple   | Entered the Ecumenical Temple
  6939 | D:7      | Found a runed translucent door.
  6940 | D:7      | Noticed Crazy Yiuf
  6947 | D:7      | Killed Crazy Yiuf
  7055 | D:7      | Noticed Prince Ribbit
  7059 | D:7      | Killed Prince Ribbit
  7059 | D:7      | Noticed Maggie
  7123 | D:7      | Killed Maggie
  7124 | D:7      | Reached skill level 10 in Maces & Flails
  7125 | D:7      | Found Ycheg's Weapon Emporium.
  7336 | D:7      | Found a large runed translucent door.
  7339 | D:7      | Found a large runed translucent door.
  7340 | D:7      | Noticed a red ugly thing
  7340 | D:7      | Noticed a brown ugly thing
  7346 | D:7      | Found a large runed translucent door.
  7346 | D:7      | Found a large runed translucent door.
  7383 | D:7      | Noticed a four-headed hydra
  7392 | D:7      | Killed a four-headed hydra
  7393 | D:7      | Reached skill level 5 in Evocations
  7393 | D:7      | Reached XP level 10. HP: 56/56 MP: 10/10
  7783 | D:7      | Found Goetaynou's Weapon Boutique.
  8178 | D:8      | Reached skill level 11 in Maces & Flails
  8212 | D:8      | Reached skill level 5 in Fighting
  8450 | D:8      | Reached *** piety under Trog
  8827 | D:8      | Identified the +3 short sword of Summertime {chaos, Int+4}
  9388 | D:9      | Noticed a two-headed ogre
  9393 | D:9      | Killed a two-headed ogre
  9394 | D:9      | Reached skill level 12 in Maces & Flails
  9394 | D:9      | Reached XP level 11. HP: 67/67 MP: 11/11
  9415 | D:9      | Noticed a two-headed ogre
  9429 | D:9      | Killed a two-headed ogre
  9621 | D:9      | Identified the +12 falchion of Ishrohuesoxt {pain, Will-
                  | Int+2 SInv}
 10202 | D:9      | Reached **** piety under Trog
 10604 | D:10     | Entered Level 10 of the Dungeon
 10611 | D:10     | Found a burning altar of Makhleb.
 10674 | D:10     | Gained mutation: Your mind is acute. (Int +4, Str/Dex -1)
                  | [potion of mutation]
 10674 | D:10     | Gained mutation: You passively dampen the noise of your
                  | surroundings. [potion of mutation]
 10827 | D:10     | Found a flagged portal.
 10832 | Bailey   | Entered a bailey
 11163 | Bailey   | Noticed a vault guard
 11179 | Bailey   | Killed a vault guard
 11180 | Bailey   | Reached skill level 13 in Maces & Flails
 11237 | Bailey   | Noticed a vault guard
 11254 | Bailey   | Killed a vault guard
 11415 | D:10     | Found a staircase to the Lair.
 11582 | D:10     | Reached skill level 10 in Fighting
 12115 | Lair:1   | Entered Level 1 of the Lair of Beasts
 12164 | Lair:1   | HP: 4/108 [blink frog (10)]
 12167 | Lair:1   | Slain by a blink frog

Illustrated notes

Levels and vault maps discovered:
D:1:      scummos_arrival_gate, layout_basic
D:2:      layout_basic, basic_altar
D:3:      layout_basic, ebering_ecumenical_altar_ruins, minmay_statues_item
D:4:      layout_loops_ring, general_overflow_altar, ebering_ghost_sewer_f,
          serial_bayou_pond_b, hex_tiny
D:5:      layout_basic, nicolae_sif_muna_condensation,
          mainiacjoe_overflow_boulevard, mainiacjoe_overflow_chevrons,
          minmay_misc_feat_plants, uniq_edmund
D:6:      layout_loops_ring, minmay_temple_entry_junction_2
D:7:      layout_loops_ring, serial_shops, kennysheep_mini,
          nicolae_shop_temple_entry_statues_fountains,
          minmay_hollow_rounded_squares, uniq_prince_ribbit1, uniq_maggie,
          uniq_crazy_yiuf_cottage
D:8:      layout_cave_pods
D:9:      layout_stronghold
D:10:     layout_long_grid, mainiacjoe_overflow_concentric_impassable,
          erik_lair_orcish_takeover, enter_bailey_3
Temple:   minmay_temple_bridge_d
Lair:1:   layout_cave_pods, enter_volcano_4

Skill      XL: |  1  2  3  4  5  6  7  8  9 10 11 |
---------------+----------------------------------+-----
Dodging        | 2 3 4 5 |  5.2
Maces & Flails | 4 5 6 8 10 12 13 | 13.6
Armour         | 5 6 |  6.5
Evocations     | 5 |  5.5
Fighting       | 7 10 | 10.0

Action                   |  1- 3 |  4- 6 |  7- 9 | 10-12 || total
-------------------------+-------+-------+-------+-------++-------
Melee: Mace              |   101 |    29 |       |       ||   130
       Flail             |       |    53 |   156 |       ||   209
       Punch             |       |     1 |     1 |       ||     2
       Dire flail        |       |       |   219 |   612 ||   831
Throw: Dart              |       |       |       |     1 ||     1
Invok: Berserk           |     1 |     4 |    11 |     7 ||    23
       Trog's Hand       |       |       |     3 |     3 ||     6
  Use: Scroll            |     4 |     1 |     1 |     4 ||    10
       Potion            |       |       |       |     3 ||     3
 Stab: Sleeping          |     1 |       |       |       ||     1
       Distracted        |       |     1 |       |       ||     1
Armor: Animal skin       |    31 |     8 |       |       ||    39
       Ring mail         |       |    28 |    14 |       ||    42
       Gold dragon scale |       |       |   282 |   563 ||   845
Dodge: Dodged            |    58 |    58 |   103 |   163 ||   382

Table legend: (Time is in decaauts)
 A = Elapsed time spent in this place.
 B = Non-inter-level travel time spent in this place.
 C = Inter-level travel time spent in this place.
 D = Time resting spent in this place.
 E = Time spent auto-exploring this place.
 F = Levels seen in this place.
 G = Mean time per level.
                   A        B        C        D        E       F      G
               +--------+--------+--------+--------+--------+-----+--------+
         Total |  12192 |  11950 |    242 |    967 |   8525 |  13 |  937.8 |
       Dungeon |  11453 |  11218 |    235 |    803 |   8259 |  10 | 1145.3 |
        Temple |    232 |    225 |      7 |      0 |    213 |   1 |  232.0 |
          Lair |     37 |     37 |      0 |      0 |      0 |   1 |   37.0 |
        Bailey |    469 |    469 |      0 |    163 |     52 |   1 |  469.0 |
               +--------+--------+--------+--------+--------+-----+--------+

Top non-repeatable levels by time:
     D:8: 1544 daAuts
     D:1: 1477 daAuts
     D:3: 1442 daAuts
     D:4: 1349 daAuts
     D:9: 1204 daAuts
     D:6: 1136 daAuts
     D:7: 1037 daAuts
     D:5: 1006 daAuts
    D:10: 976 daAuts
  Bailey: 469 daAuts
     D:2: 278 daAuts
  Temple: 232 daAuts
  Lair:1: 37 daAuts
